 Dungeon Crawl Stone Soup version 0.29-a0-319-gad05b8d819 (webtiles) character file.

Game seed: 662970465101425643

1134 kae the Firebug (level 8, -2/46 HPs)
             Began as a Tengu Fire Elementalist on Apr 1, 2022.
             Shot with an arrow by a centaur (9 damage)
             ... on level 7 of the Dungeon.
             The game lasted 00:03:55 (7339 turns).

kae the Firebug (Tengu Fire Elementalist)           Turns: 7339, Time: 00:03:56

Health: -2/46      AC:  2    Str:  9    XL:     8   Next: 36%
Magic:  4/14       EV: 16    Int: 18    God:
Gold:   257        SH:  0    Dex: 14    Spells: 5/14 levels left

rFire   . . .      SeeInvis .   k - +0 short sword (speed)
rCold   . . .      Faith    .   (no shield)
rNeg    . . .      Spirit   .   a - +0 robe
rPois   +          Reflect  .   (helmet restricted)
rElec   .          Harm     .   (no cloak)
rCorr   .          Rampage  .   (no gloves)
Will    .....                   (boots unavailable)
Stlth   ++........              n - amulet of the acrobat
HPRegen 0.15/turn               q - ring of poison resistance
MPRegen 0.14/turn               p - ring of wizardry

@: flying quickly and evasively, quick
A: beak, talons 3, nimble flight
a: no special abilities


You were on level 7 of the Dungeon.
You visited 1 branch of the dungeon, and saw 7 of its levels.
You also visited: Sewer.

You collected 257 gold pieces.

Inventory:

Hand Weapons
 d - a +0 dagger
 k - a +0 short sword of speed (weapon)
Armour
 a - a +0 robe (worn)
Jewellery
 e - a +6 ring of dexterity
 n - an amulet of the acrobat (around neck)
 p - a ring of wizardry (right hand)
 q - a ring of poison resistance (left hand)
Scrolls
 c - 3 scrolls of teleportation
 o - a scroll of summoning
 t - a scroll of enchant weapon {unknown}
 u - 2 scrolls of identify
 v - a scroll of fear {unknown}
 x - a scroll of amnesia {unknown}
 y - a scroll of blinking
Potions
 b - a potion of magic
 f - 9 potions of curing
 g - 2 potions of attraction
 h - a potion of flight {unknown}
 i - a potion of lignification {unknown}
 j - 2 potions of brilliance {unknown}
 l - 3 potions of mutation {unknown}
 m - a potion of invisibility {unknown}
 r - a potion of might {unknown}
 s - a potion of berserk rage {unknown}
 w - a potion of resistance {unknown}
 z - a potion of haste


   Skills:
 + Level 3.3 Fighting
 + Level 3.7 Armour
 + Level 4.4 Dodging
 - Level 2.0 Stealth
 + Level 3.7 Spellcasting
 + Level 4.8 Conjurations
 * Level 6.5 Fire Magic


You had 5 spell levels left.
You knew the following spells:

 Your Spells              Type           Power      Damage    Failure   Level
a - Foxfire               Conj/Fire      92%        2x1d8     1%          1
b - Scorch                Fire           52%        2d7       1%          2
c - Conjure Flame         Conj/Fire      23%        6-21      1%          3
d - Inner Flame           Hex/Fire       15%        N/A       4%          3

Your spell library contained the following spells:

 Spells                   Type           Power      Damage    Failure   Level
 Flame Wave               Conj/Fire      23%        2d7       6%          4
 Corpse Rot               Necr/Air       6%         N/A       9%          2
 Poisonous Vapours        Pois/Air       6%         N/A       9%          2
 Hailstorm                Conj/Ice       12%        3d5       22%         4
 Anguish                  Hex/Necr       1%         N/A       50%         4
 Enfeeble                 Hex            1%         N/A       100%        7


Dungeon Overview and Level Annotations

Branches:
Dungeon (8/15)              Sewer (visited)
 Temple: D:4-7         Lair: D:8-11

Altars:


Innate Abilities, Weirdness & Mutations

You have a beak for a mouth.
You have claws for feet.
Your magical nature lets you fly swiftly and evasively.


Message History

The orc completely misses you.
Casting: Foxfire (safe; 1% risk of failure)
Confirm with . or Enter, or press ? or * to list all spells.
You conjure some foxfire!
The orc barely misses you.
The foxfire hits the orc but does no damage.
The orc is severely wounded.
The foxfire hits the orc.
You kill the orc!
Casting: Foxfire (safe; 1% risk of failure)
Confirm with . or Enter, or press ? or * to list all spells.
You conjure some foxfire!
A centaur comes into view.
A centaur is nearby!
Casting: Foxfire (safe; 1% risk of failure)
Confirm with . or Enter, or press ? or * to list all spells.
You conjure some foxfire!
The centaur shouts!
The centaur drinks a potion.
The centaur seems to speed up.
The centaur wields a +0 shortbow.
The centaur shoots an arrow.
The arrow hits you.
Your foxfire dissipates! x2
The centaur shoots an arrow.
The arrow hits you!
* * * LOW HITPOINT WARNING * * *
Casting: Foxfire (safe; 1% risk of failure)
Confirm with . or Enter, or press ? or * to list all spells.
You conjure some foxfire!
The foxfire hits the centaur.
The centaur is lightly wounded.
The centaur shoots an arrow.
The arrow hits you!
* * * LOW HITPOINT WARNING * * *
Your foxfire dissipates!
The centaur shoots an arrow.
The arrow misses you.
The foxfire hits the centaur.
The centaur is lightly wounded.
The centaur shoots an arrow.
The arrow closely misses you.
The foxfire hits the centaur.
The centaur is moderately wounded.
Unknown command.
You feel better.
The centaur shoots an arrow.
The arrow closely misses you.
The centaur shoots an arrow.
The arrow hits you!
You die...

#.#..... .... #.#>...#
#.....#..
#.#.#..##........ #
##............#..#
..##.§......[.......##
...........c.........###
.......§§§....##........
#..)@..§....#..###)..
.###.)§§§...........#..
#..........##........#.#
#####..^#.###........#.#
#.......##(.........#
#..#.##............###
#.... #........#.###
...### #........#.# .##
#........#.#


You could see a centaur (fast).

Vanquished Creatures
  Prince Ribbit (D:5)
  A wyvern (D:5)
  2 ogres (D:4)
  A centaur (D:7)
  A bullfrog (D:4)
  A scorpion (D:5)
  A hound (D:5)
  2 orc priests (D:4)
  A jelly (D:5)
  An iguana (D:4)
  3 orc wizards
  10 adders
  2 river rats (Sewer)
  A shadow imp (D:5)
  An ufetubus (D:4)
  A worm (D:2)
  4 dart slugs
  18 orcs
  4 bats
  6 endoplasms
  4 giant cockroaches
  7 goblins
  2 hobgoblins (D:1)
  4 jackals
  2 quokkas
  9 ball pythons
  10 frilled lizards
  3 kobolds (D:2)
  10 rats
113 creatures vanquished.

Vanquished Creatures (others)
  391 foxfires
391 creatures vanquished.

Grand Total: 504 creatures vanquished

Notes
Turn   | Place    | Note
-------+----------+-------------------------------------------
     0 | D:1      | kae the Tengu Fire Elementalist began the quest for the
                  | Orb.
     0 | D:1      | Reached XP level 1. HP: 10/10 MP: 4/4
   484 | D:1      | Reached XP level 2. HP: 16/16 MP: 3/6
   657 | D:1      | Found a faded altar of an unknown god.
  1635 | D:2      | Reached XP level 3. HP: 9/20 MP: 2/7
  1927 | D:2      | Reached skill level 1 in Armour
  2206 | D:2      | Got the Almanac of Ensnaring Cold
  2256 | D:2      | Reached skill level 1 in Fighting
  2513 | D:2      | Reached XP level 4. HP: 24/25 MP: 6/8
  2770 | D:2      | Reached skill level 4 in Fire Magic
  3850 | D:4      | Learned a level 2 spell: Scorch
  3854 | D:4      | Learned a level 3 spell: Conjure Flame
  3863 | D:4      | Found a glowing drain.
  3915 | Sewer    | Entered a sewer
  3925 | Sewer    | Gained mutation: Your magical nature lets you fly swiftly
                  | and evasively. [Tengu growth]
  3925 | Sewer    | Reached XP level 5. HP: 29/29 MP: 7/9
  4541 | D:4      | Reached XP level 6. HP: 35/35 MP: 7/11
  4545 | D:4      | Learned a level 3 spell: Inner Flame
  4875 | D:4      | Reached skill level 5 in Fire Magic
  5576 | D:4      | Identified a scroll of acquirement
  5576 | D:4      | Acquired a ring of poison resistance
  5604 | D:5      | Entered Level 5 of the Dungeon
  5926 | D:5      | Reached XP level 7. HP: 35/40 MP: 6/12
  6465 | D:5      | Noticed Prince Ribbit
  6933 | D:5      | Killed Prince Ribbit
  6934 | D:5      | Reached skill level 6 in Fire Magic
  6934 | D:5      | Reached XP level 8. HP: 46/46 MP: 6/14
  6993 | D:5      | Noticed a wyvern
  7004 | D:5      | Killed a wyvern
  7220 | D:5      | You are sucked into a shaft and drop 3 floors!
  7337 | D:7      | HP: 1/46 [centaur/arrow (10)]
  7339 | D:7      | Shot with an arrow by a centaur

Illustrated notes

Levels and vault maps discovered:
D:1:      dpeg_chamrin_arrival_tetris, layout_basic,
          ebering_ecumenical_altar_rust
D:2:      layout_basic, hangedman_decor_diamond_cutter
D:3:      layout_rooms
D:4:      layout_loops_corners, portal_sewer_entry_b
D:5:      layout_basic, uniq_prince_ribbit1
D:7:      layout_rooms, serial_shops, nicolae_shop_statue_plus, kennysheep_mini
D:8:      layout_basic, uniq_erica

Skill      XL: |  1  2  3  4  5  6  7 |
---------------+----------------------+-----
Conjurations   | 2 3 4 |  4.8
Armour         | 1 2 3 |  3.7
Fighting       | 1 2 3 |  3.3
Fire Magic     | 4 5 6 |  6.5
Dodging        | 3 4 |  4.4
Spellcasting   | 3 |  3.7
Stealth        | |  2.0

Action                   |  1- 3 |  4- 6 |  7- 9 || total
-------------------------+-------+-------+-------++-------
Melee: Unarmed           |    17 |       |       ||    17
       Peck              |     5 |     2 |       ||     7
       Kick              |     7 |    14 |       ||    21
       Dagger            |     3 |       |       ||     3
       Short sword       |     8 |    33 |     1 ||    42
 Cast: Foxfire           |    75 |   116 |    30 ||   221
       Scorch            |       |    12 |    12 ||    24
       Conjure Flame     |       |       |     3 ||     3
  Use: Scroll            |     4 |     6 |       ||    10
       Potion            |       |       |     1 ||     1
 Stab: Sleeping          |       |     8 |       ||     8
Armor: Robe              |    13 |     4 |     3 ||    20
Dodge: Dodged            |    35 |    31 |    33 ||    99

Table legend: (Time is in decaauts)
 A = Elapsed time spent in this place.
 B = Non-inter-level travel time spent in this place.
 C = Inter-level travel time spent in this place.
 D = Time resting spent in this place.
 E = Time spent auto-exploring this place.
 F = Levels seen in this place.
 G = Mean time per level.
                   A        B        C        D        E       F      G
               +--------+--------+--------+--------+--------+-----+--------+
         Total |   7196 |   6915 |    281 |    478 |   5487 |   8 |  899.5 |
       Dungeon |   6760 |   6479 |    281 |    475 |   5145 |   7 |  965.7 |
         Sewer |    435 |    435 |      0 |      3 |    342 |   1 |  435.0 |
               +--------+--------+--------+--------+--------+-----+--------+

Top non-repeatable levels by time:
     D:4: 2092 daAuts
     D:2: 1482 daAuts
     D:1: 1327 daAuts
     D:3: 1030 daAuts
     D:5: 712 daAuts
   Sewer: 435 daAuts
     D:7: 110 daAuts
     D:8: 4 daAuts
